Flames vs Canucks
Created - 24 novembre 2016 at 19:03
Goals
|
| Flames |
1 |
1 |
3 |
5 |
| Canucks |
1 |
1 |
2 |
4 |
|
Shots
|
| Flames |
14 |
3 |
17 |
34 |
| Canucks |
9 |
9 |
12 |
30 |
|
1st period
1. Canucks , Matt Stajan 5 (Clarke MacArthur) at 12:37
2. Flames , Colin Wilson 4 (Brad Marchand, Steve Eminger) at 14:19
Penalties :
Matt Stajan (Van) for Holding (Minor) at 0:08, Eric Staal (Cal) for Boarding (Minor) at 4:18, Brendon Nash (Van) for Tripping (Minor) at 17:27
2nd period
3. Canucks , Ben Lovejoy 2 (Matt Stajan, Martin St. Louis) at 9:01 (PP)
4. Flames , Jordin Tootoo 9 (Alexander Semin, Eric Staal) at 16:56
Penalties :
Alex Tanguay (Van) for Holding Stick (Minor) at 6:56, Tomas Kaberle (Cal) for Hooking (Minor) at 8:10, Mark Bell (Cal) for Holding (Minor) at 10:20
3rd period
5. Canucks , Maxim Lapierre 4 (Alex Tanguay) at 2:04
6. Flames , Brad Marchand 3 (Steve Eminger) at 3:52
7. Flames , Alexander Semin 11 (Erik Johnson, Eric Staal) at 12:20
8. Canucks , Matt Stajan 6 (Clarke MacArthur, Jiri Hudler) at 16:41
9. Flames , Jordin Tootoo 10 (Eric Staal, Erik Johnson) at 18:55
Penalties :
Michel Ouellet (Cal) for Holding (Minor) at 14:13
Goalie Stats
Pekka Rinne (Cal), 26 saves from 30 shots - (0,867), W, 7-4-1, 60:00 minutes
Carey Price (Van), 29 saves from 34 shots - (0,853), L, 4-7-2, 59:49 minutes
Players Stats for Flames
Player Name G A P +/- PIM S H SB GA TA FO MP PP MP PK MP
------------------------------------------------------------------------------------
Alexander Semin 1 1 2 1 0 7 0 0 2 0 0/0 23:36 2:59 3:30
Brad Marchand 1 1 2 1 0 3 2 0 0 0 0/0 9:48 0:00 1:23
Brendan Mikkelson 0 0 0 0 0 0 0 0 0 0 0/0 12:37 1:57 0:06
Cam Janssen 0 0 0 0 0 0 1 0 0 1 0/0 9:39 0:00 0:00
Colin Wilson 1 0 1 1 0 4 1 0 0 0 3/5 9:12 0:00 0:25
Eric Staal 0 3 3 1 2 6 1 1 2 0 21/38 21:17 2:59 0:46
Erik Johnson 0 2 2 2 0 3 1 2 0 0 0/0 22:15 3:15 2:46
Jonathan Ferland 0 0 0 1 0 0 1 0 0 1 0/0 8:21 0:00 0:00
Jordin Tootoo 2 0 2 1 0 2 3 1 1 0 0/2 20:52 2:13 1:42
Marcel Goc 0 0 0 0 0 2 2 1 0 0 2/9 13:09 0:00 3:30
Mark Bell 0 0 0 0 2 2 4 0 0 0 1/2 13:25 0:00 0:20
Michel Ouellet 0 0 0 0 2 1 4 0 0 0 0/1 16:00 2:59 0:00
Noah Welch 0 0 0 0 0 1 0 0 0 1 0/0 12:28 1:57 0:00
Patrik Berglund 0 0 0 0 0 1 0 0 0 0 2/7 15:27 2:13 0:06
Ron Hainsey 0 0 0 0 0 0 0 1 0 2 0/0 23:35 0:00 3:17
Steve Eminger 0 2 2 0 0 0 3 1 0 0 0/0 26:21 0:00 3:17
Steve Regier 0 0 0 0 0 1 1 0 1 0 0/1 12:23 2:13 0:24
Tomas Kaberle 0 0 0 2 2 1 0 0 0 0 0/0 22:43 3:14 2:40
Players Stats for Canucks
Player Name G A P +/- PIM S H SB GA TA FO MP PP MP PK MP
------------------------------------------------------------------------------------
Alex Goligoski 0 0 0 -2 0 2 3 1 0 1 0/0 28:55 3:29 2:52
Alex Tanguay 0 1 1 1 2 1 1 0 0 0 1/1 12:27 0:00 1:06
Ben Lovejoy 1 0 1 -2 0 5 3 1 2 0 0/0 28:55 3:29 2:52
Brendon Nash 0 0 0 1 2 1 2 1 0 0 0/0 11:55 0:00 0:00
Clarke MacArthur 0 2 2 -1 0 1 0 2 0 0 0/0 18:53 2:52 0:17
Darren Helm 0 0 0 0 0 0 0 0 0 0 0/1 1:58 0:00 0:22
Jiri Hudler 0 1 1 -1 0 1 4 2 0 0 0/0 18:29 2:52 0:00
Martin Hanzal 0 0 0 -1 0 0 1 0 0 0 0/2 4:59 0:00 0:00
Martin St. Louis 0 1 1 -1 0 3 1 1 0 1 1/2 21:12 3:11 1:44
Matt Stajan 2 1 3 -1 2 5 5 0 0 0 8/12 19:41 2:52 0:48
Maxim Lapierre 1 0 1 1 0 3 0 0 0 0 2/5 11:20 0:00 0:00
Mike Ribeiro 0 0 0 -2 0 1 1 0 2 2 21/37 25:57 3:11 2:56
Milan Michalek 0 0 0 -1 0 2 2 1 0 0 3/5 22:44 3:11 3:11
Nikolai Zherdev 0 0 0 1 0 3 0 0 0 0 0/0 11:20 0:00 0:00
Patrick Eaves 0 0 0 -1 0 2 1 0 0 0 0/0 4:59 0:00 0:00
Ryan Parent 0 0 0 -1 0 0 1 1 0 1 0/0 19:11 2:34 2:20
Sami Lepisto 0 0 0 1 0 0 3 1 0 0 0/0 11:54 0:00 0:00
Tom Poti 0 0 0 -1 0 0 0 1 1 1 0/0 19:11 2:34 2:20
3 Stars
1 - Jordin Tootoo (Cal)
2 - Matt Stajan (Van)
3 - Brad Marchand (Cal)
Power Play
Flames - 0 on 3 Attempt(s) - 0,00%
Canucks - 1 on 4 Attempt(s) - 25,00%
Penalty Kill
Flames - 3 on 4 Attempt(s) - 75,00%
- Score 0 goal in Penalty Kill
Canucks - 3 on 3 Attempt(s) - 100,00%
- Score 0 goal in Penalty Kill
Team Stat
Flames - Hits : 24 - Faceoff Wins : 29 - Blocked Shots : 7 - Penalty Minutes : 8
Canucks - Hits : 28 - Faceoff Wins : 36 - Blocked Shots : 12 - Penalty Minutes : 6
Official
Referees : Rehman Kyle and Meier Brad
Linesman : Dan Schachte and Tony Sericolo
Game Notes
18:55 of 3rd period - Flames goal is going for a video replay. After video review, Goal.
Finance
Level 1 -- Attendance: 5609 (93,48%) -- Ticket Income 482 374 $
Level 2 -- Attendance: 4666 (93,32%) -- Ticket Income 228 634 $
Level 3 -- Attendance: 1967 (98,35%) -- Ticket Income 59 010 $
Level 4 -- Attendance: 3799 (94,98%) -- Ticket Income 64 583 $
Luxury Box -- Attendance: 1000 (100,00%) -- Ticket Income 100 000 $
Game was played at the Budweiser Coliseum.
Total Attendance: 17041 (94,67%)
Total Ticket Income: 934 601 $
Other Income: 140 190 $
Total Income: 1 074 791 $
Flames
5 vs 5 Forward
Center Left Wing Right Wing Time % Phy DF OF
1 Eric Staal Alexander Semin Jordin Tootoo 39 1 2 2
2 Patrik Berglund Mark Bell Michel Ouellet 30 1 2 2
3 Marcel Goc Steve Regier Cam Janssen 21 1 2 2
4 Colin Wilson Brad Marchand Jonathan Ferland 10 1 2 2
5 vs 5 Defense
Defense Defense Time % Phy DF OF
1 Ron Hainsey Steve Eminger 40 1 2 2
2 Tomas Kaberle Erik Johnson 30 1 2 2
3 Brendan Mikkelson Noah Welch 20 1 2 2
4 Tomas Kaberle Steve Eminger 10 1 2 2
PowerPlay Forward
Center Left Wing Right Wing Time % Phy DF OF
1 Eric Staal Alexander Semin Michel Ouellet 60 1 1 3
2 Patrik Berglund Steve Regier Jordin Tootoo 40 1 1 3
PowerPlay Defense
Defense Defense Time % Phy DF OF
1 Tomas Kaberle Erik Johnson 60 1 1 3
2 Brendan Mikkelson Noah Welch 40 1 1 3
Penalty Kill 4 Players Forward
Center Wing Time % Phy DF OF
1 Marcel Goc Alexander Semin 60 1 3 1
2 Eric Staal Jordin Tootoo 40 1 3 1
Penalty Kill 4 Players Defense
Defense Defense Time % Phy DF OF
1 Ron Hainsey Steve Eminger 60 1 4 0
2 Tomas Kaberle Erik Johnson 40 1 4 0
Penalty Kill - 3 Players Forward
Forward Time % Phy DF OF
1 Eric Staal 60 1 4 0
2 Alexander Semin 40 1 4 0
Penalty Kill - 3 Players Defense
Defense Defense Time % Phy DF OF
1 Ron Hainsey Steve Eminger 60 1 4 0
2 Tomas Kaberle Erik Johnson 40 1 4 0
4 vs 4 Forward
Center Wing Time % Phy DF OF
1 Eric Staal Alexander Semin 60 1 2 2
2 Patrik Berglund Jordin Tootoo 40 1 2 2
4 vs 4 Defense
Defense Defense Time % Phy DF OF
1 Ron Hainsey Steve Eminger 60 1 2 2
2 Tomas Kaberle Erik Johnson 40 1 2 2
Last Minutes Offensive
Center Left Wing Right Wing Defense Defense
Eric Staal Alexander Semin Jordin Tootoo Erik Johnson Steve Eminger
Last Minutes Defensive
Center Left Wing Right Wing Defense Defense
Eric Staal Alexander Semin Jordin Tootoo Erik Johnson Steve Eminger
Goaltenders
Starting : Pekka Rinne
Backup : Craig Anderson
Extra Forwards
Normal : Alexander Semin, Jordin Tootoo, Steve Regier - PP : Jordin Tootoo, Steve Regier - PK : Brad Marchand
Extra Defensemen
Normal : Erik Johnson, Tomas Kaberle, Ron Hainsey - PP : Noah Welch - PK : Erik Johnson, Tomas Kaberle
Penalty Shots
Eric Staal, Alexander Semin, Patrik Berglund, Steve Regier, Colin Wilson
Canucks
5 vs 5 Forward
Center Left Wing Right Wing Time % Phy DF OF
1 Mike Ribeiro Milan Michalek Martin St. Louis 40 1 2 2
2 Matt Stajan Clarke MacArthur Jiri Hudler 30 1 2 2
3 Maxim Lapierre Alex Tanguay Nikolai Zherdev 20 1 2 2
4 Martin Hanzal Mike Ribeiro Patrick Eaves 10 1 2 2
5 vs 5 Defense
Defense Defense Time % Phy DF OF
1 Alex Goligoski Ben Lovejoy 40 1 2 2
2 Tom Poti Ryan Parent 30 1 2 2
3 Sami Lepisto Brendon Nash 20 1 2 2
4 Alex Goligoski Ben Lovejoy 10 1 2 2
PowerPlay Forward
Center Left Wing Right Wing Time % Phy DF OF
1 Mike Ribeiro Milan Michalek Martin St. Louis 60 1 2 2
2 Matt Stajan Clarke MacArthur Jiri Hudler 40 1 2 2
PowerPlay Defense
Defense Defense Time % Phy DF OF
1 Alex Goligoski Ben Lovejoy 60 1 2 2
2 Tom Poti Ryan Parent 40 1 2 2
Penalty Kill 4 Players Forward
Center Wing Time % Phy DF OF
1 Mike Ribeiro Milan Michalek 60 1 2 2
2 Martin St. Louis Matt Stajan 40 1 2 2
Penalty Kill 4 Players Defense
Defense Defense Time % Phy DF OF
1 Alex Goligoski Ben Lovejoy 60 1 2 2
2 Tom Poti Ryan Parent 40 1 2 2
Penalty Kill - 3 Players Forward
Forward Time % Phy DF OF
1 Mike Ribeiro 60 1 2 2
2 Milan Michalek 40 1 2 2
Penalty Kill - 3 Players Defense
Defense Defense Time % Phy DF OF
1 Alex Goligoski Ben Lovejoy 60 1 2 2
2 Tom Poti Ryan Parent 40 1 2 2
4 vs 4 Forward
Center Wing Time % Phy DF OF
1 Mike Ribeiro Milan Michalek 60 1 2 2
2 Martin St. Louis Matt Stajan 40 1 2 2
4 vs 4 Defense
Defense Defense Time % Phy DF OF
1 Alex Goligoski Ben Lovejoy 60 1 2 2
2 Tom Poti Ryan Parent 40 1 2 2
Last Minutes Offensive
Center Left Wing Right Wing Defense Defense
Mike Ribeiro Milan Michalek Martin St. Louis Alex Goligoski Ben Lovejoy
Last Minutes Defensive
Center Left Wing Right Wing Defense Defense
Mike Ribeiro Milan Michalek Martin St. Louis Alex Goligoski Ben Lovejoy
Goaltenders
Starting : Carey Price
Backup : Ray Emery
Extra Forwards
Normal : Darren Helm, Maxim Lapierre, Alex Tanguay - PP : Darren Helm, Maxim Lapierre - PK : Alex Tanguay
Extra Defensemen
Normal : Sami Lepisto, Brendon Nash, Tom Poti - PP : Sami Lepisto - PK : Brendon Nash, Tom Poti
Penalty Shots
Mike Ribeiro, Milan Michalek, Martin St. Louis, Matt Stajan, Clarke MacArthur
% Time on Ice - Flames
Lines # - Real PCT - Wanted PCT - Time Play
Normal Forward
1 - 33% - 39% - 15:25
2 - 29% - 30% - 13:31
3 - 21% - 21% - 9:39
4 - 18% - 10% - 8:21
Normal Defense
1 - 42% - 40% - 19:38
2 - 31% - 30% - 14:37
3 - 22% - 20% - 10:30
4 - 5% - 10% - 2:11
PP Forward
1 - 57% - 60% - 2:59
2 - 43% - 40% - 2:13
PP Defense
1 - 63% - 60% - 3:15
2 - 38% - 40% - 1:57
PK Forward
1 - 72% - 60% - 4:21
2 - 28% - 40% - 1:42
PK Defense
1 - 54% - 60% - 3:17
2 - 46% - 40% - 2:46
PK3 Forward
1 - 0% - 60%
2 - 0% - 40%
PK3 Defense
1 - 0% - 60%
2 - 0% - 40%
44 Forward
1 - 93% - 60% - 0:42
2 - 7% - 40% - 0:03
44 Defense
1 - 93% - 60% - 0:42
2 - 7% - 40% - 0:03
Last Minute Offensive - 0:00
Last Minute Defensive - 1:04
Total
Forward - 60:00
Defense - 60:00
|
% Time on Ice - Canucks
Lines # - Real PCT - Wanted PCT - Time Play
Normal Forward
1 - 32% - 40% - 15:00
2 - 33% - 30% - 15:37
3 - 24% - 20% - 11:20
4 - 11% - 10% - 4:59
Normal Defense
1 - 40% - 40% - 19:00
2 - 30% - 30% - 14:17
3 - 25% - 20% - 11:54
4 - 4% - 10% - 1:45
PP Forward
1 - 53% - 60% - 3:11
2 - 47% - 40% - 2:52
PP Defense
1 - 58% - 60% - 3:29
2 - 42% - 40% - 2:34
PK Forward
1 - 67% - 60% - 3:28
2 - 33% - 40% - 1:44
PK Defense
1 - 55% - 60% - 2:52
2 - 45% - 40% - 2:20
PK3 Forward
1 - 0% - 60%
2 - 0% - 40%
PK3 Defense
1 - 0% - 60%
2 - 0% - 40%
44 Forward
1 - 56% - 60% - 0:25
2 - 44% - 40% - 0:20
44 Defense
1 - 100% - 60% - 0:45
2 - 0% - 40% - 0:00
Last Minute Offensive - 1:04
Last Minute Defensive - 0:00
Total
Forward - 60:00
Defense - 60:00
|
Play by Play
1st period
0:01 of 1st period - Eric Staal wins face-off versus Mike Ribeiro in neutral zone.
0:04 of 1st period - Snap shot by Eric Staal.
0:04 of 1st period - Stopped by Carey Price without a rebound.
0:05 of 1st period - Matt Stajan wins face-off versus Michel Ouellet in Canucks zone.
0:05 of 1st period - Matt Stajan is hit by Mark Bell.
0:08 of 1st period - Minor Penalty to Matt Stajan for Holding.
0:09 of 1st period - Mike Ribeiro wins face-off versus Eric Staal in Canucks zone.
0:43 of 1st period - Wrist shot by Steve Regier.
0:43 of 1st period - Stopped by Carey Price with a rebound.
2:04 of 1st period - Icing by Tomas Kaberle.
2:05 of 1st period - Patrik Berglund wins face-off versus Darren Helm in Flames zone.
2:08 of 1st period - Penalty to Matt Stajan is over, Matt Stajan is back on ice.
2:15 of 1st period - Off-side.
2:16 of 1st period - Colin Wilson wins face-off versus Matt Stajan in neutral zone.
2:56 of 1st period - Jordin Tootoo is hit by Milan Michalek and loses puck.
3:39 of 1st period - Snap shot by Steve Regier.
3:39 of 1st period - Shot Blocked by Alex Goligoski.
3:41 of 1st period - Slapshot by Erik Johnson.
3:41 of 1st period - Shot Misses the Net.
3:43 of 1st period - Slapshot by Steve Regier.
3:43 of 1st period - Shot Misses the Net.
4:15 of 1st period - Wrist shot by Maxim Lapierre.
4:15 of 1st period - Stopped by Pekka Rinne without a rebound.
4:16 of 1st period - Eric Staal wins face-off versus Maxim Lapierre in Flames zone.
4:18 of 1st period - Minor Penalty to Eric Staal for Boarding.
4:19 of 1st period - Mike Ribeiro wins face-off versus Marcel Goc in Flames zone.
5:17 of 1st period - Tomas Kaberle is hit by Martin St. Louis and loses puck.
5:30 of 1st period - Ryan Parent is hit by Jordin Tootoo and loses puck.
6:18 of 1st period - Penalty to Eric Staal is over, Eric Staal is back on ice.
6:51 of 1st period - Martin Hanzal is hit by Steve Eminger and loses puck.
6:58 of 1st period - Slapshot by Michel Ouellet.
6:58 of 1st period - Shot Blocked by Sami Lepisto.
7:00 of 1st period - Backhand shot by Ron Hainsey.
7:00 of 1st period - Shot Misses the Net.
7:24 of 1st period - Wrist shot by Brad Marchand.
7:24 of 1st period - Stopped by Carey Price without a rebound.
7:25 of 1st period - Colin Wilson wins face-off versus Matt Stajan in Canucks zone.
7:44 of 1st period - Wrist shot by Milan Michalek.
7:44 of 1st period - Shot Misses the Net.
7:46 of 1st period - Wrist shot by Milan Michalek.
7:46 of 1st period - Stopped by Pekka Rinne without a rebound.
7:47 of 1st period - Mike Ribeiro wins face-off versus Eric Staal in Flames zone.
7:56 of 1st period - Slapshot by Milan Michalek.
7:56 of 1st period - Stopped by Pekka Rinne without a rebound.
7:57 of 1st period - Eric Staal wins face-off versus Milan Michalek in Flames zone.
8:24 of 1st period - Snap shot by Marcel Goc.
8:24 of 1st period - Shot Misses the Net.
8:26 of 1st period - Slapshot by Erik Johnson.
8:26 of 1st period - Shot Blocked by Jiri Hudler.
8:28 of 1st period - Slapshot by Erik Johnson.
8:28 of 1st period - Deflect By Jiri Hudler.
8:28 of 1st period - Stopped by Carey Price without a rebound.
8:29 of 1st period - Mike Ribeiro wins face-off versus Patrik Berglund in Canucks zone.
9:00 of 1st period - Slapshot by Alexander Semin.
9:00 of 1st period - Stopped by Carey Price without a rebound.
9:01 of 1st period - Martin St. Louis wins face-off versus Eric Staal in Canucks zone.
9:50 of 1st period - Slapshot by Michel Ouellet.
9:50 of 1st period - Shot Misses the Net.
10:00 of 1st period - Steve Eminger is hit by Alex Goligoski and loses puck.
10:17 of 1st period - Wrist shot by Martin St. Louis.
10:17 of 1st period - Stopped by Pekka Rinne without a rebound.
10:18 of 1st period - Mike Ribeiro wins face-off versus Eric Staal in Flames zone.
10:43 of 1st period - Clarke MacArthur is hit by Steve Regier and loses puck.
11:05 of 1st period - Tomas Kaberle is hit by Alex Goligoski and loses puck.
11:53 of 1st period - Backhand shot by Jiri Hudler.
11:53 of 1st period - Shot Blocked by Eric Staal.
12:21 of 1st period - Icing by Tom Poti.
12:22 of 1st period - Maxim Lapierre wins face-off versus Colin Wilson in Canucks zone.
12:37 of 1st period - Slapshot by Matt Stajan.
12:37 of 1st period - Goal by Matt Stajan - Flames : 0 - Canucks : 1.
12:38 of 1st period - Eric Staal wins face-off versus Martin St. Louis in neutral zone.
13:12 of 1st period - Slapshot by Matt Stajan.
13:12 of 1st period - Deflect By Jiri Hudler.
13:12 of 1st period - Shot Misses the Net.
13:12 of 1st period - Puck is out of play.
13:13 of 1st period - Mike Ribeiro wins face-off versus Patrik Berglund in Flames zone.
13:40 of 1st period - Snap shot by Clarke MacArthur.
13:40 of 1st period - Shot Blocked by Jordin Tootoo.
14:01 of 1st period - Slapshot by Tom Poti.
14:01 of 1st period - Shot Misses the Net.
14:03 of 1st period - Slapshot by Ryan Parent.
14:03 of 1st period - Shot Blocked by Steve Eminger.
14:05 of 1st period - Wrist shot by Maxim Lapierre.
14:05 of 1st period - Stopped by Pekka Rinne with a rebound.
14:07 of 1st period - Snap shot by Nikolai Zherdev.
14:07 of 1st period - Stopped by Pekka Rinne with a rebound.
14:19 of 1st period - Wrist shot by Colin Wilson.
14:19 of 1st period - Goal by Colin Wilson - Flames : 1 - Canucks : 1.
14:20 of 1st period - Mike Ribeiro wins face-off versus Eric Staal in neutral zone.
15:53 of 1st period - Slapshot by Erik Johnson.
15:53 of 1st period - Stopped by Carey Price without a rebound.
15:54 of 1st period - Mike Ribeiro wins face-off versus Colin Wilson in Canucks zone.
15:54 of 1st period - Mike Ribeiro is hit by Colin Wilson.
16:20 of 1st period - Snap shot by Colin Wilson.
16:20 of 1st period - Stopped by Carey Price with a rebound.
16:22 of 1st period - Snap shot by Jonathan Ferland.
16:22 of 1st period - Shot Misses the Net.
16:34 of 1st period - Wrist shot by Colin Wilson.
16:34 of 1st period - Stopped by Carey Price with a rebound.
16:38 of 1st period - Snap shot by Brad Marchand.
16:38 of 1st period - Shot Misses the Net.
16:40 of 1st period - Wrist shot by Brad Marchand.
16:40 of 1st period - Deflect By Colin Wilson.
16:40 of 1st period - Shot Misses the Net.
16:40 of 1st period - Puck is out of play.
16:41 of 1st period - Mike Ribeiro wins face-off versus Eric Staal in Canucks zone.
16:41 of 1st period - Mike Ribeiro is hit by Steve Eminger.
16:47 of 1st period - Slapshot by Ben Lovejoy.
16:47 of 1st period - Stopped by Pekka Rinne with a rebound.
17:13 of 1st period - Slapshot by Alex Goligoski.
17:13 of 1st period - Shot Blocked by Ron Hainsey.
17:15 of 1st period - Wrist shot by Ben Lovejoy.
17:15 of 1st period - Stopped by Pekka Rinne without a rebound.
17:16 of 1st period - Patrik Berglund wins face-off versus Maxim Lapierre in Flames zone.
17:16 of 1st period - Patrik Berglund is hit by Alex Tanguay.
17:27 of 1st period - Minor Penalty to Brendon Nash for Tripping.
17:28 of 1st period - Eric Staal wins face-off versus Mike Ribeiro in Canucks zone.
17:28 of 1st period - Snap shot by Alexander Semin.
17:28 of 1st period - Deflect By Eric Staal.
17:28 of 1st period - Stopped by Carey Price with a rebound.
17:30 of 1st period - Slapshot by Erik Johnson.
17:30 of 1st period - Stopped by Carey Price with a rebound.
17:38 of 1st period - Snap shot by Alexander Semin.
17:38 of 1st period - Shot Blocked by Milan Michalek.
17:40 of 1st period - Snap shot by Alexander Semin.
17:40 of 1st period - Stopped by Carey Price without a rebound.
17:41 of 1st period - Mike Ribeiro wins face-off versus Eric Staal in Canucks zone.
17:54 of 1st period - Slapshot by Alexander Semin.
17:54 of 1st period - Stopped by Carey Price without a rebound.
17:55 of 1st period - Eric Staal wins face-off versus Mike Ribeiro in Canucks zone.
18:00 of 1st period - Snap shot by Eric Staal.
18:00 of 1st period - Stopped by Carey Price without a rebound.
18:01 of 1st period - Milan Michalek wins face-off versus Eric Staal in Canucks zone.
19:27 of 1st period - Penalty to Brendon Nash is over, Brendon Nash is back on ice.
Goals for this period are 1 for Flames vs 1 for Canucks.
Shots for this period are 14 for Flames vs 9 for Canucks.
2nd period
0:01 of 2nd period - Eric Staal wins face-off versus Mike Ribeiro in neutral zone.
0:04 of 2nd period - Alex Goligoski is hit by Erik Johnson and loses puck.
0:25 of 2nd period - Matt Stajan is hit by Michel Ouellet.
1:07 of 2nd period - Martin St. Louis is hit by Brad Marchand and loses puck.
1:32 of 2nd period - Clarke MacArthur is hit by Jordin Tootoo and loses puck.
2:03 of 2nd period - Alex Tanguay is hit by Mark Bell.
2:04 of 2nd period - Icing by Alex Tanguay.
2:05 of 2nd period - Alex Tanguay wins face-off versus Marcel Goc in Canucks zone.
2:37 of 2nd period - Snap shot by Nikolai Zherdev.
2:37 of 2nd period - Shot Misses the Net.
2:57 of 2nd period - Wrist shot by Alex Tanguay.
2:57 of 2nd period - Shot Misses the Net.
3:13 of 2nd period - Wrist shot by Nikolai Zherdev.
3:13 of 2nd period - Deflect By Steve Eminger.
3:13 of 2nd period - Stopped by Pekka Rinne without a rebound.
3:14 of 2nd period - Eric Staal wins face-off versus Mike Ribeiro in Flames zone.
3:39 of 2nd period - Tomas Kaberle is hit by Matt Stajan and loses puck.
3:52 of 2nd period - Tom Poti is hit by Mark Bell and loses puck.
4:03 of 2nd period - Snap shot by Brad Marchand.
4:03 of 2nd period - Shot Misses the Net.
4:21 of 2nd period - Ben Lovejoy is hit by Eric Staal and loses puck.
4:34 of 2nd period - Snap shot by Mark Bell.
4:34 of 2nd period - Shot Blocked by Clarke MacArthur.
4:46 of 2nd period - Ron Hainsey is hit by Ben Lovejoy and loses puck.
5:16 of 2nd period - Mark Bell is hit by Jiri Hudler.
5:20 of 2nd period - Jiri Hudler is hit by Michel Ouellet and loses puck.
5:31 of 2nd period - Ryan Parent is hit by Marcel Goc and loses puck.
5:38 of 2nd period - Sami Lepisto is hit by Cam Janssen and loses puck.
6:05 of 2nd period - Brad Marchand is hit by Sami Lepisto and loses puck.
6:56 of 2nd period - Minor Penalty to Alex Tanguay for Holding Stick.
6:57 of 2nd period - Eric Staal wins face-off versus Mike Ribeiro in Canucks zone.
7:22 of 2nd period - Patrik Berglund is hit by Ryan Parent and loses puck.
7:29 of 2nd period - Wrist shot by Steve Regier.
7:29 of 2nd period - Shot Misses the Net.
7:45 of 2nd period - Alex Goligoski is hit by Michel Ouellet and loses puck.
8:10 of 2nd period - Minor Penalty to Tomas Kaberle for Hooking.
8:11 of 2nd period - Eric Staal wins face-off versus Mike Ribeiro in Flames zone.
8:11 of 2nd period - Eric Staal is hit by Mike Ribeiro.
8:47 of 2nd period - Snap shot by Martin St. Louis.
8:47 of 2nd period - Stopped by Pekka Rinne with a rebound.
8:56 of 2nd period - Penalty to Alex Tanguay is over, Alex Tanguay is back on ice.
9:01 of 2nd period - Slapshot by Ben Lovejoy.
9:01 of 2nd period - Goal by Ben Lovejoy - Flames : 1 - Canucks : 2.
9:02 of 2nd period - Mike Ribeiro wins face-off versus Patrik Berglund in neutral zone.
9:07 of 2nd period - Snap shot by Martin St. Louis.
9:07 of 2nd period - Stopped by Pekka Rinne without a rebound.
9:08 of 2nd period - Mark Bell wins face-off versus Mike Ribeiro in Flames zone.
9:45 of 2nd period - Wrist shot by Matt Stajan.
9:45 of 2nd period - Shot Misses the Net.
10:20 of 2nd period - Minor Penalty to Mark Bell for Holding.
10:21 of 2nd period - Mike Ribeiro wins face-off versus Marcel Goc in Flames zone.
10:47 of 2nd period - Marcel Goc is hit by Jiri Hudler and loses puck.
10:52 of 2nd period - Slapshot by Clarke MacArthur.
10:52 of 2nd period - Stopped by Pekka Rinne with a rebound.
10:54 of 2nd period - Snap shot by Matt Stajan.
10:54 of 2nd period - Shot Misses the Net.
10:56 of 2nd period - Wrist shot by Matt Stajan.
10:56 of 2nd period - Shot Misses the Net.
11:39 of 2nd period - Icing by Alex Goligoski.
11:40 of 2nd period - Eric Staal wins face-off versus Mike Ribeiro in Canucks zone.
11:58 of 2nd period - Tomas Kaberle is hit by Matt Stajan and loses puck.
12:20 of 2nd period - Penalty to Mark Bell is over, Mark Bell is back on ice.
12:49 of 2nd period - Brad Marchand is hit by Patrick Eaves and loses puck.
13:24 of 2nd period - Snap shot by Mark Bell.
13:24 of 2nd period - Shot Misses the Net.
13:36 of 2nd period - Snap shot by Alex Tanguay.
13:36 of 2nd period - Shot Misses the Net.
14:09 of 2nd period - Alex Goligoski is hit by Jonathan Ferland and loses puck.
14:36 of 2nd period - Wrist shot by Patrick Eaves.
14:36 of 2nd period - Stopped by Pekka Rinne with a rebound.
14:38 of 2nd period - Snap shot by Brendon Nash.
14:38 of 2nd period - Stopped by Pekka Rinne without a rebound.
14:39 of 2nd period - Eric Staal wins face-off versus Martin Hanzal in Flames zone.
14:39 of 2nd period - Eric Staal is hit by Sami Lepisto.
15:05 of 2nd period - Mark Bell is hit by Sami Lepisto and loses puck.
15:17 of 2nd period - Off-side.
15:18 of 2nd period - Mike Ribeiro wins face-off versus Steve Regier in neutral zone.
15:25 of 2nd period - Wrist shot by Milan Michalek.
15:25 of 2nd period - Shot Blocked by Marcel Goc.
16:27 of 2nd period - Ryan Parent is hit by Michel Ouellet and loses puck.
16:56 of 2nd period - Wrist shot by Jordin Tootoo.
16:56 of 2nd period - Goal by Jordin Tootoo - Flames : 2 - Canucks : 2.
16:57 of 2nd period - Mike Ribeiro wins face-off versus Eric Staal in neutral zone.
17:00 of 2nd period - Jordin Tootoo is hit by Milan Michalek and loses puck.
17:27 of 2nd period - Off-side.
17:28 of 2nd period - Matt Stajan wins face-off versus Patrik Berglund in neutral zone.
17:33 of 2nd period - Wrist shot by Matt Stajan.
17:33 of 2nd period - Shot Misses the Net.
17:53 of 2nd period - Eric Staal is hit by Brendon Nash.
18:21 of 2nd period - Slapshot by Mike Ribeiro.
18:21 of 2nd period - Shot Misses the Net.
18:23 of 2nd period - Wrist shot by Milan Michalek.
18:23 of 2nd period - Shot Misses the Net.
19:29 of 2nd period - Wrist shot by Alexander Semin.
19:29 of 2nd period - Stopped by Carey Price without a rebound.
19:30 of 2nd period - Matt Stajan wins face-off versus Eric Staal in Canucks zone.
19:30 of 2nd period - Matt Stajan is hit by Jordin Tootoo.
19:36 of 2nd period - Snap shot by Alex Goligoski.
19:36 of 2nd period - Stopped by Pekka Rinne without a rebound.
19:37 of 2nd period - Matt Stajan wins face-off versus Eric Staal in Flames zone.
19:38 of 2nd period - Snap shot by Clarke MacArthur.
19:38 of 2nd period - Deflect By Matt Stajan.
19:38 of 2nd period - Stopped by Pekka Rinne without a rebound.
19:39 of 2nd period - Matt Stajan wins face-off versus Eric Staal in Flames zone.
19:46 of 2nd period - Wrist shot by Eric Staal.
19:46 of 2nd period - Shot Blocked by Clarke MacArthur.
19:48 of 2nd period - Wrist shot by Tomas Kaberle.
19:48 of 2nd period - Stopped by Carey Price with a rebound.
19:50 of 2nd period - Slapshot by Tomas Kaberle.
19:50 of 2nd period - Shot Misses the Net.
19:52 of 2nd period - Wrist shot by Alexander Semin.
19:52 of 2nd period - Shot Blocked by Jiri Hudler.
Goals for this period are 1 for Flames vs 1 for Canucks.
Shots for this period are 3 for Flames vs 9 for Canucks.
3rd period
0:01 of 3rd period - Mike Ribeiro wins face-off versus Eric Staal in neutral zone.
0:04 of 3rd period - Wrist shot by Alex Goligoski.
0:04 of 3rd period - Stopped by Pekka Rinne with a rebound.
0:26 of 3rd period - Patrik Berglund is hit by Matt Stajan.
0:32 of 3rd period - Slapshot by Patrik Berglund.
0:32 of 3rd period - Shot Misses the Net.
0:34 of 3rd period - Snap shot by Tomas Kaberle.
0:34 of 3rd period - Shot Blocked by Ben Lovejoy.
0:36 of 3rd period - Slapshot by Erik Johnson.
0:36 of 3rd period - Shot Misses the Net.
1:52 of 3rd period - Backhand shot by Alexander Semin.
1:52 of 3rd period - Stopped by Carey Price without a rebound.
1:53 of 3rd period - Maxim Lapierre wins face-off versus Jordin Tootoo in Canucks zone.
2:04 of 3rd period - Snap shot by Maxim Lapierre.
2:04 of 3rd period - Goal by Maxim Lapierre - Flames : 2 - Canucks : 3.
2:05 of 3rd period - Eric Staal wins face-off versus Mike Ribeiro in neutral zone.
2:18 of 3rd period - Snap shot by Martin St. Louis.
2:18 of 3rd period - Deflect By Eric Staal.
2:18 of 3rd period - Shot Misses the Net.
2:18 of 3rd period - Puck is out of play.
2:19 of 3rd period - Eric Staal wins face-off versus Mike Ribeiro in Flames zone.
2:24 of 3rd period - Martin St. Louis is hit by Steve Eminger and loses puck.
2:45 of 3rd period - Jiri Hudler is hit by Mark Bell.
2:49 of 3rd period - Wrist shot by Mark Bell.
2:49 of 3rd period - Deflect By Patrik Berglund.
2:49 of 3rd period - Stopped by Carey Price with a rebound.
2:51 of 3rd period - Snap shot by Michel Ouellet.
2:51 of 3rd period - Shot Misses the Net.
2:53 of 3rd period - Snap shot by Mark Bell.
2:53 of 3rd period - Stopped by Carey Price with a rebound.
2:55 of 3rd period - Backhand shot by Mark Bell.
2:55 of 3rd period - Stopped by Carey Price without a rebound.
2:56 of 3rd period - Eric Staal wins face-off versus Mike Ribeiro in Canucks zone.
3:05 of 3rd period - Snap shot by Eric Staal.
3:05 of 3rd period - Stopped by Carey Price with a rebound.
3:07 of 3rd period - Snap shot by Eric Staal.
3:07 of 3rd period - Stopped by Carey Price with a rebound.
3:09 of 3rd period - Slapshot by Tomas Kaberle.
3:09 of 3rd period - Shot Blocked by Ryan Parent.
3:11 of 3rd period - Slapshot by Alexander Semin.
3:11 of 3rd period - Shot Misses the Net.
3:45 of 3rd period - Tom Poti is hit by Brad Marchand and loses puck.
3:50 of 3rd period - Wrist shot by Brad Marchand.
3:50 of 3rd period - Shot Misses the Net.
3:52 of 3rd period - Snap shot by Brad Marchand.
3:52 of 3rd period - Goal by Brad Marchand - Flames : 3 - Canucks : 3.
3:53 of 3rd period - Eric Staal wins face-off versus Mike Ribeiro in neutral zone.
3:53 of 3rd period - Eric Staal is hit by Alex Goligoski.
4:27 of 3rd period - Wrist shot by Matt Stajan.
4:27 of 3rd period - Stopped by Pekka Rinne without a rebound.
4:28 of 3rd period - Eric Staal wins face-off versus Mike Ribeiro in Flames zone.
5:04 of 3rd period - Michel Ouellet is hit by Brendon Nash.
5:16 of 3rd period - Slapshot by Patrick Eaves.
5:16 of 3rd period - Stopped by Pekka Rinne with a rebound.
5:38 of 3rd period - Slapshot by Nikolai Zherdev.
5:38 of 3rd period - Stopped by Pekka Rinne with a rebound.
5:40 of 3rd period - Slapshot by Sami Lepisto.
5:40 of 3rd period - Deflect By Alex Tanguay.
5:40 of 3rd period - Shot Misses the Net.
5:40 of 3rd period - Puck is out of play.
5:41 of 3rd period - Eric Staal wins face-off versus Maxim Lapierre in Flames zone.
5:56 of 3rd period - Slapshot by Alex Tanguay.
5:56 of 3rd period - Stopped by Pekka Rinne without a rebound.
5:57 of 3rd period - Mike Ribeiro wins face-off versus Patrik Berglund in Flames zone.
6:04 of 3rd period - Snap shot by Mike Ribeiro.
6:04 of 3rd period - Stopped by Pekka Rinne with a rebound.
6:29 of 3rd period - Slapshot by Ben Lovejoy.
6:29 of 3rd period - Stopped by Pekka Rinne with a rebound.
7:06 of 3rd period - Slapshot by Michel Ouellet.
7:06 of 3rd period - Stopped by Carey Price with a rebound.
7:35 of 3rd period - Wrist shot by Brad Marchand.
7:35 of 3rd period - Stopped by Carey Price without a rebound.
7:36 of 3rd period - Eric Staal wins face-off versus Matt Stajan in Canucks zone.
7:43 of 3rd period - Eric Staal is hit by Matt Stajan and loses puck.
8:38 of 3rd period - Wrist shot by Marcel Goc.
8:38 of 3rd period - Stopped by Carey Price with a rebound.
9:38 of 3rd period - Snap shot by Nikolai Zherdev.
9:38 of 3rd period - Shot Blocked by Erik Johnson.
10:00 of 3rd period - Cam Janssen is hit by Martin Hanzal.
10:29 of 3rd period - Slapshot by Colin Wilson.
10:29 of 3rd period - Stopped by Carey Price without a rebound.
10:30 of 3rd period - Colin Wilson wins face-off versus Mike Ribeiro in Canucks zone.
11:20 of 3rd period - Wrist shot by Michel Ouellet.
11:20 of 3rd period - Shot Misses the Net.
11:22 of 3rd period - Slapshot by Brendan Mikkelson.
11:22 of 3rd period - Shot Blocked by Brendon Nash.
11:24 of 3rd period - Slapshot by Noah Welch.
11:24 of 3rd period - Stopped by Carey Price without a rebound.
11:25 of 3rd period - Mike Ribeiro wins face-off versus Marcel Goc in Canucks zone.
11:33 of 3rd period - Off-side.
11:34 of 3rd period - Mike Ribeiro wins face-off versus Marcel Goc in neutral zone.
11:37 of 3rd period - Slapshot by Alex Goligoski.
11:37 of 3rd period - Shot Misses the Net.
12:03 of 3rd period - Milan Michalek is hit by Marcel Goc and loses puck.
12:08 of 3rd period - Slapshot by Marcel Goc.
12:08 of 3rd period - Shot Hit the Post.
12:10 of 3rd period - Snap shot by Marcel Goc.
12:10 of 3rd period - Stopped by Carey Price without a rebound.
12:11 of 3rd period - Eric Staal wins face-off versus Matt Stajan in Canucks zone.
12:18 of 3rd period - Snap shot by Alexander Semin.
12:18 of 3rd period - Shot Hit the Post.
12:20 of 3rd period - Snap shot by Erik Johnson.
12:20 of 3rd period - Deflect By Alexander Semin.
12:20 of 3rd period - Goal by Alexander Semin - Flames : 4 - Canucks : 3.
12:21 of 3rd period - Mike Ribeiro wins face-off versus Eric Staal in neutral zone.
12:37 of 3rd period - Off-side.
12:38 of 3rd period - Matt Stajan wins face-off versus Mark Bell in neutral zone.
12:47 of 3rd period - Mark Bell is hit by Jiri Hudler.
12:51 of 3rd period - Snap shot by Matt Stajan.
12:51 of 3rd period - Stopped by Pekka Rinne with a rebound.
12:53 of 3rd period - Snap shot by Jiri Hudler.
12:53 of 3rd period - Stopped by Pekka Rinne without a rebound.
12:54 of 3rd period - Mike Ribeiro wins face-off versus Jordin Tootoo in Flames zone.
13:19 of 3rd period - Steve Eminger is hit by Matt Stajan and loses puck.
13:46 of 3rd period - Off-side.
13:47 of 3rd period - Milan Michalek wins face-off versus Eric Staal in neutral zone.
14:13 of 3rd period - Minor Penalty to Michel Ouellet for Holding.
14:14 of 3rd period - Mike Ribeiro wins face-off versus Marcel Goc in Flames zone.
14:29 of 3rd period - Slapshot by Ben Lovejoy.
14:29 of 3rd period - Stopped by Pekka Rinne with a rebound.
14:40 of 3rd period - Icing by Alex Goligoski.
14:41 of 3rd period - Matt Stajan wins face-off versus Marcel Goc in Canucks zone.
14:52 of 3rd period - Snap shot by Matt Stajan.
14:52 of 3rd period - Deflect By Alexander Semin.
14:52 of 3rd period - Shot Blocked by Erik Johnson.
14:52 of 3rd period - Puck is out of play.
14:53 of 3rd period - Marcel Goc wins face-off versus Milan Michalek in Flames zone.
15:08 of 3rd period - Ron Hainsey is hit by Jiri Hudler and loses puck.
16:13 of 3rd period - Penalty to Michel Ouellet is over, Michel Ouellet is back on ice.
16:31 of 3rd period - Off-side.
16:32 of 3rd period - Matt Stajan wins face-off versus Eric Staal in neutral zone.
16:41 of 3rd period - Wrist shot by Matt Stajan.
16:41 of 3rd period - Goal by Matt Stajan - Flames : 4 - Canucks : 4.
16:42 of 3rd period - Marcel Goc wins face-off versus Martin Hanzal in neutral zone.
16:56 of 3rd period - Steve Regier is hit by Ben Lovejoy and loses puck.
17:39 of 3rd period - Snap shot by Mark Bell.
17:39 of 3rd period - Shot Blocked by Tom Poti.
17:41 of 3rd period - Wrist shot by Mark Bell.
17:41 of 3rd period - Shot Misses the Net.
17:58 of 3rd period - Slapshot by Noah Welch.
17:58 of 3rd period - Shot Blocked by Martin St. Louis.
18:53 of 3rd period - Wrist shot by Eric Staal.
18:53 of 3rd period - Stopped by Carey Price with a rebound.
18:55 of 3rd period - Snap shot by Jordin Tootoo.
18:55 of 3rd period - Flames goal is going for a video replay.
18:55 of 3rd period - The goal is good.
18:55 of 3rd period - Goal by Jordin Tootoo - Flames : 5 - Canucks : 4.
18:56 of 3rd period - Eric Staal wins face-off versus Mike Ribeiro in neutral zone.
19:32 of 3rd period - Wrist shot by Alexander Semin.
19:32 of 3rd period - Stopped by Carey Price without a rebound.
19:33 of 3rd period - John Tortorella call a timeout for Canucks.
19:33 of 3rd period - Milan Michalek wins face-off versus Eric Staal in Canucks zone.
19:42 of 3rd period - Alexander Semin is hit by Ben Lovejoy and loses puck.
19:49 of 3rd period - Canucks, Carey Price is pulled from the net.
Goals for this period are 3 for Flames vs 2 for Canucks.
Shots for this period are 17 for Flames vs 12 for Canucks.
Back to the Top